 Dungeon Sprint DCSS version 0.29-a0-870-g2c972031a6 (webtiles) character file.

Game seed: 9299043185187617567

8260 manyhoops the Brawler (level 11, 0/103 HPs)
             Began as a Human Berserker on July 17, 2022.
             Was a Priest of Trog.
             Slain by a sixfirhy (11 damage)
             ... in the Dungeon (Sprint II: "The Violet Keep of Menkaure").
             The game lasted 00:07:25 (1384 turns).

manyhoops the Brawler (Human Berserker)             Turns: 1384, Time: 00:07:25

Health: 0/103      AC: 13    Str: 21      XL:     11   Next: 52%
Magic:  11/11      EV: 10    Int: 10 (11) God:    Trog [***...]
Gold:   747        SH:  0    Dex: 10      Spells: 10/10 levels left

rFire   + + .      SeeInvis .     - Unarmed
rCold   . . .      Faith    .   (no shield)
rNeg    . . .      Spirit   .   k - +1 scale mail {rF+}
rPois   .          Reflect  .   (no helmet)
rElec   .          Harm     .   h - scarf {repulsion}
rCorr   .          Rampage  .   p - +0 pair of gloves "Kimyug" {rF+ Will+ Int+4}
Will    +....      NoTele   +   m - +0 pair of boots
Stlth   ..........              (no amulet)
HPRegen 0.27/turn               j - ring of flight
MPRegen 0.12/turn               (no ring)

@: on berserk cooldown, flying, slowed, repel missiles, very slow
A: clumsy 1, deterioration 1, screaming 1, weak 1
a: Renounce Religion, Berserk, Trog's Hand


You were in the Dungeon.
You worshipped Trog.
Trog was most pleased with you.
You visited 1 branch You collected 1653 gold pieces.
You spent 906 gold pieces at shops.

Inventory:

Armour
 a - a +0 animal skin
 c - a +0 cloak
 h - a scarf of repulsion (worn)
 i - a +1 pair of gloves of strength
 k - a +1 scale mail of fire resistance (worn)
 m - a +0 pair of boots (worn)
 p - the +0 pair of gloves "Kimyug" (worn) {rF+ Will+ Int+4}
   (You acquired it in the Dungeon)

   Int:       It affects your intelligence (+4).
   rF:        It protects you from fire.
   Will:      It increases your willpower.
 u - a +4 chain mail of poison resistance
Jewellery
 j - a ring of flight (left hand)
Scrolls
 s - 2 scrolls of fear {unknown}
 v - a scroll of fog
 y - a scroll of immolation
Potions
 b - 2 potions of curing
 e - 6 potions of magic
 f - 2 potions of berserk rage
 l - 4 potions of resistance
 n - a potion of degeneration
 o - a potion of might
 q - a potion of ambrosia {unknown}
 r - a potion of cancellation {unknown}
 t - 5 potions of flight {unknown}
 w - a potion of brilliance {unknown}
 x - a potion of experience {unknown}
 z - a potion of mutation {unknown}


   Skills:
 - Level 15.6 Fighting
 + Level 12.9 Armour
 - Level 2.0 Dodging
 - Level 18.5 Unarmed Combat


You had 10 spell levels left.
You didn't know any spells.
Your spell library was empty.

Dungeon Overview and Level Annotations

Branches:
Dungeon (1/1)

Altars:
Cheibriados
Dithmenos
Elyvilon
Fedhas
Gozag
Hepliaklqana
Kikubaaqudgha
Makhleb
Nemelex Xobeh
Okawaru
Qazlal
Ru
Sif Muna
Trog
Uskayaw
Vehumet
Wu Jian
Xom
Yredelemnul
Zin
The Shining One
Jiyva
Lugonu

Shops:
D :=[(=:(?!=![:[!?:

Annotations:
D exclusion: oklob plant


Innate Abilities, Weirdness & Mutations

You are clumsy. (Dex -2)
Your body sometimes deteriorates upon taking damage.
You occasionally shout uncontrollably at your foes.
You are weak. (Str -2)


Message History

* * * LOW HITPOINT WARNING * * *
Okay, then.
Blink to where?
Press: ? - help, Dir - move target
As you read the scroll of blinking, it crumbles to dust.
You reach down and close the door.
A sixfirhy opens the door.
Your ogre goes berserk!
The sixfirhy hits your ogre! The sixfirhy shocks your ogre!
The sixfirhy hits your ogre! The sixfirhy shocks your ogre!
Your ogre dies!
Your ogre's corpse disappears in a puff of smoke!
The sixfirhy hits you but does no damage.
The sixfirhy barely misses you.
Unknown command.
Your ogre goes berserk!
Trog will no longer gift you weapons.
Unknown command.
Okay, then.
Blink to where?
Press: ? - help, Dir - move target
As you read the scroll of blinking, it crumbles to dust.
Your ogre rages.
Unknown command.
Blink to where?
Press: ? - help, Dir - move target
As you read the scroll of blinking, it crumbles to dust.
Unknown command.
Which direction?
You reach down and close the door.
A sixfirhy opens the door.
There is an open door here.
You see here a +1 bardiche.
Unknown command.
Your two-headed ogre goes berserk!
You can no longer call in reinforcements.
The sixfirhy hits you but does no damage. x2
The sixfirhy hits you.
* * * LOW HITPOINT WARNING * * *
The sixfirhy shocks you!
You die...

○○##°≈≈○○○○°○##≈≈≈≈§§≈##########≈
≈ ###≈°≈°≈°○###########≈≈≈≈≈≈≈≈≈§
#∩####+####≈§≈≈≈§≈###≈########≈
##....#####§§§§§§≈§≈##≈# #▓
#∩.....3.+§§§≈≈.§≈≈≈≈'≈#
########O##≈§≈§≈§≈≈≈####
.:[.oooo#..##≈§≈≈≈≈≈##
#########...#########
........^...'.)3@O+
###################


You could see a sixfirhy (ally target) and a friendly two-headed ogre (summoned,
berserk).

Vanquished Creatures
  2 sphinxes (D)
  2 boulder beetles (D)
  2 sixfirhies (D)
  An orange crystal statue (D)
  2 deep trolls (D)
  A merfolk siren (D)
  A yaktaur (D)
  3 polar bears (D)
  A hornet (D)
  2 wyverns (D)
  A vampire mosquito (D)
  Menkaure (D)
  4 water moccasins (D)
  4 scorpions (D)
  4 lava snakes (D)
  A jelly (D)
32 creatures vanquished.

Vanquished Creatures (others)
  4 tentacles (D)
4 creatures vanquished.

Grand Total: 36 creatures vanquished

Notes
Turn   | Place    | Note
-------+----------+-------------------------------------------
     0 | D        | manyhoops the Human Berserker began the quest for the Orb.
     0 | D        | Reached XP level 1. HP: 18/18 MP: 1/1
     1 | D        | Noticed a scorpion
     1 | D        | Noticed a scorpion
     9 | D        | Killed a scorpion
    10 | D        | Reached skill level 5 in Unarmed Combat
    10 | D        | Reached XP level 2. HP: 28/28 MP: 2/2
    10 | D        | Reached XP level 3. HP: 34/34 MP: 3/3
    10 | D        | Reached XP level 4. HP: 40/40 MP: 4/4
    11 | D        | Killed a scorpion
    12 | D        | Reached skill level 7 in Unarmed Combat
    12 | D        | Reached XP level 5. HP: 48/48 MP: 5/5
    15 | D        | Reached ** piety under Trog
    16 | D        | Reached skill level 8 in Unarmed Combat
    21 | D        | Reached skill level 9 in Unarmed Combat
    21 | D        | Reached XP level 6. HP: 41/58 MP: 6/6
    61 | D        | Noticed a wyvern
    61 | D        | Noticed a wyvern
    65 | D        | Killed a wyvern
    66 | D        | Reached skill level 10 in Fighting
    66 | D        | Reached skill level 10 in Unarmed Combat
    66 | D        | Reached XP level 7. HP: 66/66 MP: 7/7
    75 | D        | Killed a wyvern
    76 | D        | Reached skill level 11 in Unarmed Combat
   126 | D        | Noticed a boulder beetle
   126 | D        | Noticed a boulder beetle
   129 | D        | Noticed a merfolk siren
   136 | D        | Killed a merfolk siren
   136 | D        | Reached *** piety under Trog
   137 | D        | Reached skill level 12 in Unarmed Combat
   137 | D        | Reached XP level 8. HP: 76/76 MP: 8/8
   152 | D        | Found Loussit's Armour Boutique.
   152 | D        | Found Canazeto's Antique Armour Boutique.
   152 | D        | Found Giveer's Distillery.
   153 | D        | Found Muelie's Distillery.
   153 | D        | Found Boqor's Jewellery Shop.
   153 | D        | Found Poisekh's Distillery.
   153 | D        | Found Vuefelun's Magic Scroll Shop.
   153 | D        | Found Bihimach's Weapon Boutique.
   157 | D        | Found Puyroegufy's Book Shop.
   157 | D        | Found Poumpet's Book Boutique.
   157 | D        | Found Pecw's Jewellery Boutique.
   158 | D        | Found Niweebb's Antique Weapon Shop.
   159 | D        | Found Ruyhie's Antique Armour Boutique.
   159 | D        | Found Nyax Eja's Jewellery Shop.
   159 | D        | Noticed Menkaure
   159 | D        | Noticed an ice dragon
   159 | D        | Noticed an oklob plant
   160 | D        | Found Cewnuduw's Book Shoppe.
   160 | D        | Noticed a slime creature
   160 | D        | Noticed a slime creature
   160 | D        | Noticed a slime creature
   163 | D        | Bought a glowing scarf for 128 gold pieces
   163 | D        | Bought a pair of embroidered gloves for 120 gold pieces
   167 | D        | Killed Menkaure
   184 | D        | Bought a ring of flight for 245 gold pieces
   202 | D        | Bought a +1 scale mail of fire resistance for 224 gold
                  | pieces
   233 | D        | Reached skill level 13 in Unarmed Combat
   241 | D        | Reached **** piety under Trog
   273 | D        | Killed a boulder beetle
   274 | D        | Reached skill level 14 in Unarmed Combat
   274 | D        | Reached XP level 9. HP: 35/86 MP: 9/9
   280 | D        | Killed a boulder beetle
   281 | D        | Reached skill level 15 in Unarmed Combat
   291 | D        | Found a snail-covered altar of Cheibriados.
   291 | D        | Found a hazy altar of Hepliaklqana.
   292 | D        | Found a shadowy altar of Dithmenos.
   292 | D        | Found a viscous altar of Jiyva.
   298 | D        | Found a white marble altar of Elyvilon.
   298 | D        | Found an ancient bone altar of Kikubaaqudgha.
   298 | D        | Found a sacrificial altar of Ru.
   298 | D        | Found a stormy altar of Qazlal.
   299 | D        | Found a blossoming altar of Fedhas.
   299 | D        | Found a corrupted altar of Lugonu.
   299 | D        | Found a shimmering blue altar of Sif Muna.
   299 | D        | Found an ornate altar of the Wu Jian Council.
   299 | D        | Noticed a polar bear
   299 | D        | Noticed a polar bear
   301 | D        | Noticed a hornet
   318 | D        | Killed a polar bear
   319 | D        | Reached skill level 16 in Unarmed Combat
   340 | D        | Noticed a yaktaur
   346 | D        | Paralysed by a hornet for 2 turns
   354 | D        | Killed a hornet
   357 | D        | Killed a yaktaur
   358 | D        | Reached XP level 10. HP: 76/95 MP: 10/10
   404 | D        | Found an opulent altar of Gozag.
   404 | D        | Found a burning altar of Makhleb.
   404 | D        | Found a bloodstained altar of Trog.
   405 | D        | Found a sparkling altar of Nemelex Xobeh.
   405 | D        | Found a hide-covered altar of Uskayaw.
   405 | D        | Found a basalt altar of Yredelemnul.
   406 | D        | Found an iron altar of Okawaru.
   406 | D        | Found a radiant altar of Vehumet.
   406 | D        | Found a glowing silver altar of Zin.
   413 | D        | Reached skill level 15 in Fighting
   413 | D        | Reached skill level 17 in Unarmed Combat
   420 | D        | Noticed a kraken
   431 | D        | Reached ***** piety under Trog
   436 | D        | Found a shimmering altar of Xom.
   437 | D        | Found a glowing golden altar of the Shining One.
   465 | D        | Noticed a deep troll
   465 | D        | Noticed a deep troll
   479 | D        | Killed a deep troll
   480 | D        | Reached skill level 18 in Unarmed Combat
   486 | D        | Killed a deep troll
   579 | D        | Noticed a sphinx
   581 | D        | Noticed a sphinx
   585 | D        | Killed a sphinx
   586 | D        | Reached XP level 11. HP: 103/103 MP: 11/11
   591 | D        | Killed a sphinx
   591 | D        | Received a gift from Trog
   674 | D        | Found the amulet of the Air {Inacc Air Fly rElec RMsl}
   784 | D        | Identified a scroll of acquirement
   789 | D        | Acquired the +0 pair of gloves "Kimyug" {rF+ Will+ Int+4}
   867 | D        | Bought a glowing chain mail for 165 gold pieces
   906 | D        | Reached skill level 10 in Armour
  1091 | D        | Found Atimuc's Magic Scroll Boutique.
  1139 | D        | Noticed an orange crystal statue
  1144 | D        | Noticed a sixfirhy
  1148 | D        | Noticed a sixfirhy
  1156 | D        | Killed an orange crystal statue
  1157 | D        | Noticed a sixfirhy
  1164 | D        | Found Hethun's Book Shoppe.
  1167 | D        | Gained mutation: You are weak. (Str -2) [mutagenic glow]
  1174 | D        | Bought a scroll of identify for 24 gold pieces
  1179 | D        | Gained mutation: You occasionally shout uncontrollably at
                  | your foes. [mutagenic glow]
  1188 | D        | Gained mutation: Your body sometimes deteriorates upon
                  | taking damage. [mutagenic glow]
  1197 | D        | Gained mutation: You are clumsy. (Dex -2) [mutagenic glow]
  1361 | D        | Killed a sixfirhy
  1361 | D        | Received a gift from Trog
  1367 | D        | Killed a sixfirhy
  1384 | D        | Slain by a sixfirhy

Illustrated notes

Levels and vault maps discovered:
D:        the_violet_keep_of_menkaure [sprint2_stairs_cluster_1,
          sprint2_shoproom, sprint2_temple, sprint2_basic_supplies,
          sprint2_obstacle_5, sprint2_obstacle_4, sprint2_obstacle_7,
          sprint2_obstacle_2, sprint2_obstacle_6, sprint2_timed_cluster_1,
          sprint2_smallroom_cluster_1, sprint2_smallroom_final_cluster_1,
          sprint2_transparent_cluster_1, sprint2_second_timed_cluster_1,
          sprint2_sniper_area_1, sprint2_heavy_combat_area_1,
          sprint2_mutation_trap_area_1, sprint2_forest_area_1,
          sprint2_light_combat_area_1, sprint2_behind_water_1,
          sprint2_near_end_vault_1]

Skill      XL: |  1  2  3  4  5  6  7  8  9 10 11 |
---------------+----------------------------------+-----
Fighting       | 6 7 9 10 12 13 14 15 | 15.6
Unarmed Combat | 5 7 9 10 12 14 16 18 | 18.5
Armour         | 7 12 | 12.9
Dodging        | |  2.0

Action                   |  1- 3 |  4- 6 |  7- 9 | 10-12 || total
-------------------------+-------+-------+-------+-------++-------
Melee: Unarmed           |     7 |    12 |    62 |    78 ||   159
       Punch             |       |       |     3 |     5 ||     8
Invok: Berserk           |     1 |     1 |     3 |     5 ||    10
       Trog's Hand       |       |       |     5 |     9 ||    14
       Brothers in Arms  |       |       |       |     3 ||     3
  Use: Potion            |       |       |       |     3 ||     3
       Scroll            |       |       |       |     9 ||     9
Armor: Animal skin       |       |     1 |       |       ||     1
       Scale mail        |       |       |    14 |    33 ||    47
Dodge: Dodged            |     3 |     6 |    21 |    37 ||    67
       Repelled          |       |       |       |     4 ||     4

Table legend: (Time is in decaauts)
 A = Elapsed time spent in this place.
 B = Non-inter-level travel time spent in this place.
 C = Inter-level travel time spent in this place.
 D = Time resting spent in this place.
 E = Time spent auto-exploring this place.
 F = Levels seen in this place.
 G = Mean time per level.
                   A        B        C        D        E       F      G
               +--------+--------+--------+--------+--------+-----+--------+
         Total |   1408 |   1408 |      0 |    525 |    100 |   1 | 1408.0 |
       Dungeon |   1408 |   1408 |      0 |    525 |    100 |   1 | 1408.0 |
               +--------+--------+--------+--------+--------+-----+--------+

Top non-repeatable levels by time:
       D: 1408 daAuts
